 Dungeon Crawl Stone Soup version 0.22-a0-608-g8a62e23 (webtiles) character file.

38 corax the Magician (level 3, -3/21 HPs)
             Began as an Octopode Wizard on July 9, 2018.
             Slain by a gnoll
             ... wielding a +0 halberd
              (11 damage)
             ... on level 2 of the Dungeon.
             The game lasted 00:03:59 (873 turns).

corax the Magician (Octopode Wizard)                 Turns: 873, Time: 00:03:59

Health: -3/21      AC:  1    Str:  6    XL:     3   Next: 43%
Magic:  1/8        EV: 13    Int: 21    God:
Gold:   100        SH:  0    Dex: 10    Spells: 8/9 levels left

rFire    . . .     SeeInvis .   (no weapon)
rCold    . . .     Gourm    .   (no shield)
rNeg     . . .     Faith    .   e - +0 hat
rPois    .         Spirit   .   (no amulet)
rElec    .         Reflect  .   (no ring)
rCorr    .         Harm     .   (no ring)
MR       .....                  (no ring)
Stlth    +++.......             (no ring)
HPRegen  0.07/turn              (no ring)
MPRegen  0.11/turn              (no ring)
                                (no ring)
                                (no ring)

@: very slightly contaminated
A: almost no armour, stealthy swim, amphibious, 8 rings, constrict 8, camouflage
1, gelatinous body 1
a: no special abilities


You were on level 2 of the Dungeon.
You were not hungry.

You visited 1 branch of the dungeon, and saw 2 of its levels.

You collected 100 gold pieces.

Inventory:

Hand Weapons
 a - a +0 dagger
Armour
 e - a +0 hat (worn)
Scrolls
 d - a scroll of fog {unknown}
Potions
 f - a potion of lignification {unknown}
 g - a potion of agility {unknown}
Comestibles
 c - 4 rations


   Skills:
 + Level 0.2 Short Blades
 + Level 2.2 Dodging
 + Level 3.5 Stealth
 + Level 0.1 Unarmed Combat
 + Level 3.7 Spellcasting
 + Level 1.0 Conjurations
   Level 1.0 Summonings
   Level 1.0 Translocations


You had 8 spell levels left.
You knew the following spells:

 Your Spells              Type           Power        Failure   Level  Hunger
a - Magic Dart            Conj           #...         9%          1    None

Your spell library contained the following spells:

 Spells                   Type           Power        Failure   Level  Hunger
 Conjure Flame            Conj/Fire      #.......     30%         3    ###....
 Slow                     Hex            #.......     19%         2    ##.....
 Mephitic Cloud           Conj/Pois/Air  #.......     32%         3    ###....
 Blink                    Tloc           N/A          12%         2    ##.....
 Call Imp                 Summ           #.......     12%         2    ##.....


Dungeon Overview and Level Annotations

Branches:
Dungeon (2/15)

Altars:
Hepliaklqana
Vehumet


Innate Abilities, Weirdness & Mutations

You cannot wear most types of armour.
You are very stealthy in the water. (Stealth+)
You are amphibious.
You can wear up to eight rings at the same time.
You can use your tentacles to constrict eight enemies at once.
Your skin changes colour to match your surroundings (Stealth+).
Your rubbery body absorbs attacks. (AC +1, EV +1)


Message History

Aiming: Magic Dart (safe; 9% risk of failure)
Press: ? - help, Shift-Dir - straight line, f/p - gnoll
Aim: a gnoll, wielding a halberd (lightly wounded)
The magic dart hits the gnoll.
The gnoll is moderately wounded.
The gnoll closely misses you.
Casting: Magic Dart (safe; 9% risk of failure)
Confirm with . or Enter, or press ? or * to list all spells.
Aiming: Magic Dart (safe; 9% risk of failure)
Press: ? - help, Shift-Dir - straight line, f/p - gnoll
Aim: a gnoll, wielding a halberd (moderately wounded)
The magic dart hits the gnoll.
The gnoll is heavily wounded.
Casting: Magic Dart (safe; 9% risk of failure)
Confirm with . or Enter, or press ? or * to list all spells.
You don't have enough magic to cast that spell.
Unknown command.
The gnoll hits you with a halberd!
Ouch! That really hurt!
You die...

######## .......#
######.# .## #.#
#.####.# .......##
##############
#####...###..[.g@......#
....).......##########.#
.##.##.##.### #.#
.###.#.#.## #.# .#
##...## #.# .#####.##
######.# .......#
#......# .....#.#
#.####.# .###.#.#
#####.# ###


You could see a gnoll.

Vanquished Creatures
  A gnoll (D:2)
  2 dart slugs (D:1)
  A leopard gecko (D:1)
  A ball python (D:1)
  A giant cockroach (D:1)
  6 goblins
  2 hobgoblins (D:1)
  A quokka (D:2)
  4 bats
  A frilled lizard (D:1)
  2 kobolds
  A rat (D:1)
23 creatures vanquished.

Notes
Turn   | Place    | Note
-------+----------+-------------------------------------------
     0 | D:1      | corax the Octopode Wizard began the quest for the Orb.
     0 | D:1      | Reached XP level 1. HP: 11/11 MP: 4/4
   102 | D:1      | Reached XP level 2. HP: 17/17 MP: 6/6
   564 | D:1      | Reached XP level 3. HP: 21/21 MP: 5/8
   684 | D:2      | Found a radiant altar of Vehumet.
   835 | D:2      | Found a hazy altar of Hepliaklqana.
   873 | D:2      | Slain by a gnoll

Vault maps used:
D:1:      dpeg_arrival_pond
D:2:      zin_scriptorium, nicolae_overflow_crystal_walls, lemuel_round_altar,
          dk_yredelemnul_ordeal

Skill      XL: |  1 |
---------------+----+-----
Stealth        | 3 |  3.5
Short Blades   | |  0.2
Dodging        | |  2.2
Unarmed Combat | |  0.1
Spellcasting   | |  3.7
Conjurations   | |  1.0
Summonings     | |  1.0
Translocations | |  1.0

Action                   || total
-------------------------++-------
Melee: Unarmed           ||    23
       Constrict         ||    12
       Dagger            ||    28
       Tentacles         ||    10
 Cast: Magic Dart        ||    33
  Use: Scroll            ||     1
 Stab: Sleeping          ||     4
Armor: Skin              ||     8
Dodge: Dodged            ||    50

Table legend:
 A = Spawn XP
 B = Non-spawn XP
 C = Spawn XP percentage of total XP
 D = Spawn monster count
 E = Non-spawn monster count
 F = Spawn count percentage of total count
 G = Total turns spent on level
                    A         B        C        D         E        F      G
               +---------+---------+-------+---------+---------+-------+---------
         Total |       0 |      55 |   0.0 |       0 |      23 |   0.0 |   873
               +---------+---------+-------+---------+---------+-------+---------
           D:1 |       0 |      34 |   0.0 |       0 |      18 |   0.0 |   654
           D:2 |       0 |      21 |   0.0 |       0 |       5 |   0.0 |   219
               +---------+---------+-------+---------+---------+-------+---------
